 Dungeon Crawl Stone Soup version 0.28.0-43-g3370ac3207 (webtiles) character file.

Game seed: 8167905659584292428

43 Ablot the Grasshopper (level 3, -2/31 HPs)
             Began as a Gnoll Warper on Feb 27, 2022.
             Killed by nerve-wracking pain
             ... invoked by Grinder
              (11 damage)
             ... on level 3 of the Dungeon.
             The game lasted 00:02:47 (2444 turns).

Ablot the Grasshopper (Gnoll Warper)                Turns: 2444, Time: 00:02:48

Health: -2/31      AC:  4    Str: 12    XL:     3   Next: 58%
Magic:  9/9        EV: 12    Int: 12    God:
Gold:   93         SH:  0    Dex: 11    Spells: 6/12 levels left

rFire   . . .      SeeInvis .   a - +0 spear
rCold   . . .      Faith    .   (no shield)
rNeg    . . .      Spirit   .   b - +0 leather armour
rPois   .          Reflect  .   (no helmet)
rElec   .          Harm     .   (no cloak)
rCorr   .          Rampage  .   (no gloves)
Will    .....                   m - +0 pair of boots
Stlth   +.........              (no amulet)
HPRegen 0.10/turn               n - ring of wizardry
MPRegen 0.11/turn               (no ring)

@: no status effects
A: fangs 1, strong nose, distributed training
a: no special abilities


You were on level 3 of the Dungeon.
You visited 1 branch of the dungeon, and saw 3 of its levels.

You collected 93 gold pieces.

Inventory:

Hand Weapons
 a - a +0 spear (weapon)
 g - a +1 dagger of draining
Missiles
 d - 5 boomerangs of dispersal
 l - 41 bolts
 r - an atropa-tipped dart (quivered)
Armour
 b - a +0 leather armour (worn)
 m - a +0 pair of boots (worn)
Jewellery
 n - a ring of wizardry (left hand)
Wands
 p - a wand of polymorph (10)
Scrolls
 c - a scroll of blinking
 e - 4 scrolls of identify {unknown}
 f - a scroll of teleportation {unknown}
 h - a scroll of noise {unknown}
 k - a scroll of immolation {unknown}
Potions
 i - a potion of curing {unknown}
 j - 2 potions of heal wounds {unknown}
 o - a potion of resistance {unknown}
 q - a potion of attraction {unknown}


   Skills:
 + Level 4.5 Fighting
 + Level 0.8 Short Blades
 + Level 0.8 Long Blades
 + Level 0.8 Axes
 + Level 0.8 Maces & Flails
 + Level 4.5 Polearms
 + Level 0.8 Staves
 + Level 0.8 Slings
 + Level 0.8 Bows
 + Level 0.8 Crossbows
 + Level 2.6 Throwing
 + Level 2.6 Armour
 + Level 4.5 Dodging
 + Level 0.8 Stealth
 + Level 0.8 Shields
 + Level 0.8 Unarmed Combat
 + Level 5.0 Spellcasting
 + Level 0.5 Conjurations
 + Level 0.5 Hexes
 + Level 0.5 Summonings
 + Level 0.5 Necromancy
 + Level 5.4 Translocations
 + Level 0.5 Transmutations
 + Level 0.5 Fire Magic
 + Level 0.5 Ice Magic
 + Level 0.5 Air Magic
 + Level 0.5 Earth Magic
 + Level 0.5 Poison Magic
 + Level 1.0 Invocations
 + Level 0.8 Evocations


You had 6 spell levels left.
You knew the following spells:

 Your Spells              Type           Power      Damage    Failure   Level
a - Blink                 Tloc           32%        N/A       1%          2
b - Wereblood             Tmut           4%         N/A       12%         2
c - Searing Ray           Conj           8%         2d4       12%         2

Your spell library contained the following spells:

 Spells                   Type           Power      Damage    Failure   Level
 Gell's Gravitas          Tloc           16%        N/A       3%          3
 Lesser Beckoning         Tloc           16%        N/A       3%          3
 Teleport Other           Tloc           16%        N/A       3%          3
 Beastly Appendage        Tmut           8%         N/A       9%          1
 Magic Dart               Conj           16%        1d3       9%          1
 Spider Form              Tmut/Pois      4%         N/A       24%         3
 Manifold Assault         Tloc           16%        N/A       28%         5
 Fulminant Prism          Conj/Hex       2%         3d6       58%         4
 Borgnjor's Revivificati  Necr           2%         N/A       100%        8
 Necromutation            Tmut/Necr      2%         N/A       100%        8
 Death's Door             Necr           2%         N/A       100%        9


Dungeon Overview and Level Annotations

Branches:
Dungeon (3/15)

Altars:

Annotations:
D:3 Grinder


Innate Abilities, Weirdness & Mutations

You have very sharp teeth.
Your uncanny sense of smell can sniff out nearby items.
Your experience applies equally to all skills.


Message History

Grinder is moderately wounded.
Grinder misses you.
You catch the helpless Grinder completely off-guard!
You hit Grinder.
Grinder is moderately wounded.
Grinder hits you.
You barely miss Grinder. You bite Grinder, but do no damage.
Grinder is moderately wounded.
Grinder is no longer blind.
Grinder hits you but does no damage.
You barely miss Grinder.
Grinder is moderately wounded.
Grinder gestures at you. You resist with significant effort.
You hit Grinder but do no damage.
Grinder is moderately wounded.
Grinder hits you.
You hit Grinder but do no damage.
Grinder is moderately wounded.
You barely miss Grinder.
Grinder is moderately wounded.
Grinder hits you!
You writhe in agony.
You barely miss Grinder.
Grinder is moderately wounded.
Grinder says, "Tell me all your secrets, or I'll kill you."
Grinder hits you but does no damage.
Throw: 3 darts (atropa)
Press: ? - help, Q - select action, (/) - cycle Shift-Dir - straight line, f/p - Grinder
Aim: Grinder (moderately wounded, 55% to hit, chance to blind on hit: 35%)
You throw an atropa-tipped dart.
The atropa-tipped dart barely misses Grinder.
Grinder hits you.
You writhe in agony.
* * * LOW HITPOINT WARNING * * *
Throw: 2 darts (atropa)
Press: ? - help, Q - select action, (/) - cycle Shift-Dir - straight line, f/p - Grinder
Aim: Grinder (moderately wounded, 55% to hit, chance to blind on hit: 35%)
You throw an atropa-tipped dart.
The atropa-tipped dart barely misses Grinder.
Grinder gestures at you. Pain shoots through your body!
You die...

...................##.....
.........#.######.##.....
..###.....#.......[.......
..........................
..####..##########†######.
#..# #.# #. #..## #.# #.
###...#########.# #.
#(...5@......<..# ##.
#.##.(########### #..
#.#...# #.# #.#(..########
#.# #.#.......)..# #.#
#.#.#.######.########.#
#.#...# #..........#
#.#..##################
#.........#


You could see Grinder.

Vanquished Creatures
  An adder (D:2)
  A ball python (D:1)
  2 endoplasms (D:2)
  A giant cockroach (D:2)
  10 goblins
  2 hobgoblins (D:1)
  2 quokkas (D:1)
  3 bats
  4 frilled lizards
  4 kobolds
  3 rats
33 creatures vanquished.

Notes
Turn   | Place    | Note
-------+----------+-------------------------------------------
     0 | D:1      | Ablot the Gnoll Warper began the quest for the Orb.
     0 | D:1      | Reached XP level 1. HP: 20/20 MP: 6/6
    33 | D:1      | Noticed an eye of devastation
    36 | D:1      | Found a faded altar of an unknown god.
    38 | D:1      | Noticed a floating eye
    39 | D:1      | Noticed a shining eye
    39 | D:1      | Noticed a golden eye
   130 | D:1      | Reached XP level 2. HP: 16/26 MP: 7/7
   257 | D:1      | Learned a level 2 spell: Blink
   999 | D:2      | Reached XP level 3. HP: 28/29 MP: 9/9
  1099 | D:2      | Reached skill level 5 in Spellcasting
  1565 | D:2      | Reached skill level 1 in Invocations
  1706 | D:2      | Learned a level 2 spell: Wereblood
  1827 | D:2      | Learned a level 2 spell: Searing Ray
  2152 | D:3      | Noticed Grinder
  2152 | D:3      | Paralysed by Grinder for 7 turns
  2444 | D:3      | Killed from afar by Grinder

Illustrated notes

Levels and vault maps discovered:
D:1:      onia_arrival_mini_spirals, layout_rooms,
          hellmonk_ecumenical_altar_watching_god, minmay_misc_feat_chi
D:2:      layout_basic
D:3:      layout_loops_ring, nrook_loot_triangle, uniq_grinder

Skill      XL: |  1  2  3 |
---------------+----------+-----
Spellcasting   | 5 |  5.0
Invocations    | 1 |  1.0
Fighting       | |  4.5
Short Blades   | |  0.8
Long Blades    | |  0.8
Axes           | |  0.8
Maces & Flails | |  0.8
Polearms       | |  4.5
Staves         | |  0.8
Slings         | |  0.8
Bows           | |  0.8
Crossbows      | |  0.8
Throwing       | |  2.6
Armour         | |  2.6
Dodging        | |  4.5
Stealth        | |  0.8
Shields        | |  0.8
Unarmed Combat | |  0.8
Conjurations   | |  0.5
Hexes          | |  0.5
Summonings     | |  0.5
Necromancy     | |  0.5
Translocations | |  5.4
Transmutations | |  0.5
Fire Magic     | |  0.5
Ice Magic      | |  0.5
Air Magic      | |  0.5
Earth Magic    | |  0.5
Poison Magic   | |  0.5
Evocations     | |  0.8

Action                   || total
-------------------------++-------
Melee: Spear             ||    72
       Bite              ||    10
       Dagger            ||    43
       Punch             ||     1
Throw: Dart              ||     5
 Stab: Sleeping          ||     3
       Invisible         ||     2
Armor: Leather armour    ||    26
Dodge: Dodged            ||    52
